 Dungeon Crawl Stone Soup version 0.30.1-11-g7821555f0a (webtiles) character file.

Game seed: 13937190682438556748

23874 Cheops the Phalangite (level 13, -26/106 HPs)
             Began as a Merfolk Fighter on Nov 23, 2023.
             Was an Elder of the Shining One.
             Annihilated by a minotaur
             ... wielding the +9 demon trident of Disintegration {vamp, Fly Int+4}
              (35 damage)
             ... in a Gauntlet.
             The game lasted 00:49:19 (21923 turns).

Cheops the Phalangite (Merfolk Fighter)            Turns: 21923, Time: 00:49:19

Health: -26/106    AC: 15    Str: 20    XL:     13   Next: 9%
Magic:  19/19      EV:  6    Int:  9    God:    the Shining One [****..]
Gold:   425        SH:  5    Dex: 11    Spells: 12/12 levels left

rFire   + + .        a - +2 glaive
rCold   + . .        (shield currently unavailable)
rNeg    + + +        U - +0 plate armour {rPois}
rPois   +            E - +0 helmet
rElec   .            h - scarf {repulsion}
rCorr   .            G - +0 pair of gloves
SInv    .            r - +0 pair of boots of Cuillirr {rF++ Str-5}
Will    .....        D - amulet of reflection Stlth
                     q - +4 ring of slaying
HPRegen 0.37/turn    M - ring of Tulips {rC+ rN+ Str+6 Dex-3}
MPRegen 0.16/turn

%: no teleportation, repel missiles, reflection
@: glowing
A: (nimble swimmer 2), mertail
a: Renounce Religion, Divine Shield, Cleansing Flame


You were in a Gauntlet.
You worshipped the Shining One.
The Shining One was greatly pleased with you.
You visited 3 branches of the dungeon, and saw 17 of its levels.
You also visited: Gauntlet.

You collected 1031 gold pieces.
You spent 606 gold pieces at shops.

Inventory:

Hand Weapons
 a - a +2 glaive (weapon)
 b - a +1 scythe of freezing
 c - a +0 halberd
 n - a +0 trident
 P - a +1 hand axe of venom
Armour
 g - +2 fire dragon scales
 h - a scarf of repulsion (worn)
 r - the +0 pair of boots of Cuillirr (worn) {rF++ Str-5}
   (You found it in a Gauntlet)

   Str:       It affects your strength (-5).
   rF:        It greatly protects you from fire.
 E - a +0 helmet (worn)
 G - a +0 pair of gloves (worn)
 K - a +0 pair of boots
 N - a +0 buckler
 U - a +0 plate armour of poison resistance (worn)
 Z - +0 acid dragon scales
Jewellery
 o - an amulet of regeneration
 q - a +4 ring of slaying (left hand)
 t - an amulet of faith
 x - a ring of magical power
 D - an amulet of reflection (around neck)
 M - the ring of Tulips (right hand) {rC+ rN+ Str+6 Dex-3}
   (You found it in a Gauntlet)

   [ring of strength]

   Str:       It affects your strength (+6).
   Dex:       It affects your dexterity (-3).
   rC:        It protects you from cold.
   rN:        It protects you from negative energy.
 O - a ring of flight
 V - a ring of positive energy
 X - a ring of wizardry
Wands
 m - a wand of roots (17)
 v - a wand of mindburst (18)
 A - a wand of polymorph (6)
 J - a wand of light (7)
 W - a wand of charming (7)
Scrolls
 f - a scroll of fear {unknown}
 i - 5 scrolls of teleportation
 l - 2 scrolls of poison
 p - 2 scrolls of blinking
 y - 3 scrolls of silence
 H - a scroll of amnesia
 Q - a scroll of fog
 R - 2 scrolls of magic mapping
Potions
 d - 3 potions of might
 e - a potion of ambrosia
 j - 5 potions of heal wounds {unknown}
 k - 9 potions of curing
 s - 4 potions of mutation
 u - 3 potions of brilliance
 w - 2 potions of attraction
 z - 2 potions of lignification
 B - 3 potions of cancellation
 C - 2 potions of resistance {unknown}
 F - 3 potions of haste
 I - a potion of berserk rage
 L - a potion of flight
Miscellaneous
 Y - a lightning rod (4/4)


   Skills:
 - Level 11.4 Fighting
 - Level 22.0 Polearms
 - Level 4.0 Armour
 - Level 3.0 Shields
 + Level 8.6 Invocations
 * Level 7.7 Evocations


You had 12 spell levels left.
You didn't know any spells.
Your spell library contained the following spells:

 Spells                   Type           Power      Damage    Failure   Level
 Sting                    Tmut/Pois      0%         1d3       100%        1
 Cigotuvi's Dreadful Rot  Necr/Pois/Air  0%         N/A       100%        2
 Lesser Beckoning         Tloc           0%         N/A       100%        2
 Gell's Gravitas          Tloc           0%         N/A       100%        3
 Teleport Other           Tloc           0%         N/A       100%        3
 Anguish                  Hex/Necr       0%         N/A       100%        4
 Cause Fear               Hex            0%         N/A       100%        4
 Dispel Undead            Necr           0%         3d6       100%        4
 Blade Hands              Tmut           0%         N/A       100%        5
 Irradiate                Conj/Tmut      0%         3d11      100%        5
 Summon Forest            Summ/Tloc      0%         N/A       100%        5
 Summon Mana Viper        Hex/Summ       0%         N/A       100%        5
 Death Channel            Necr           0%         N/A       100%        6
 Summon Cactus Giant      Summ           0%         N/A       100%        6
 Dragon Form              Tmut           0%         N/A       100%        7
 Enfeeble                 Hex            0%         N/A       100%        7


Dungeon Overview and Level Annotations

Branches:
Dungeon (13/15)            Temple (1/1) D:4            Lair (3/5) D:10
  Swamp (0/4) Lair:2        Snake (0/4) Lair:2          Orc (0/2) D:11
Gauntlet (1/1)
 Vaults: D:13-14

Altars:
Ashenzari
Cheibriados
Dithmenos
Elyvilon
Fedhas
Gozag
Hepliaklqana
Kikubaaqudgha
Makhleb
Nemelex Xobeh
Okawaru
Qazlal
Ru
Sif Muna
Trog
Uskayaw
Vehumet
Wu Jian
Xom
Yredelemnul
Zin
The Shining One

Shops:
D:6 !   D:7 *   D:12 *

Annotations:
D:13 !hydra Gauntlet 8 transporters, 2 runed translucent doors, exclusion: lightning spire


Innate Abilities, Weirdness & Mutations

((You are very nimble when in or above water. (Stealth+, EV+, Speed+++)))
Your lower body shifts to a powerful aquatic tail in water.


Message History

< or
q - a +4 ring of slaying; > or
V - a ring of positive energy You remove your ring of positive energy.
You feel stronger.
You feel clumsy.
M - the ring of Tulips (right hand) {rC+ rN+ Str+6 Dex-3}
Okay, then.
You start removing your armour.
You continue taking off your +0 pair of boots. x4
You finish taking off your +0 pair of boots.
You start putting on your armour.
You continue putting on the +0 pair of boots of Cuillirr {rF++ Str-5}. x2
You feel a little less mighty now.
You continue putting on the +0 pair of boots of Cuillirr {rF++ Str-5}. x3
You finish putting on the +0 pair of boots of Cuillirr {rF++ Str-5}.
You feel weaker.
Unknown command.
A minotaur comes into view.
It is wielding the +9 demon trident of Disintegration {vamp, Fly Int+4}, wearing the +3 ring mail of Suvuihex {Harm rF+ rC+ Will-}, wearing the +7 tower shield of the Ward {Rampage *Slow Will++}, wearing the ring of Jeytydec {rPois rCorr Dex+6} and quivering silver javelins.
Found a runed robe.
The minotaur bellows!
The minotaur hits you from afar with the +9 demon trident of Disintegration {vamp, Fly Int+4}!
The minotaur hits you with the +9 demon trident of Disintegration {vamp, Fly Int+4}!!
The minotaur gores you!
* * * LOW HITPOINT WARNING * * *
You slash the minotaur!
The minotaur is lightly wounded.
The minotaur hits you with the +9 demon trident of Disintegration {vamp, Fly Int+4}!
* * * LOW HITPOINT WARNING * * *
The minotaur completely misses you.
You slice the minotaur!!
The minotaur is severely wounded.
You slice the minotaur!!
The minotaur is almost dead.
The minotaur hits you with the +9 demon trident of Disintegration {vamp, Fly Int+4}!
* * * LOW HITPOINT WARNING * * *
The minotaur gores you!
* * * LOW HITPOINT WARNING * * *
The minotaur blocks your attack.
The minotaur is almost dead.
The minotaur hits you with the +9 demon trident of Disintegration {vamp, Fly Int+4}!!
You die...

*,,,,,,....................,,,,,,
≈,,,,,,..§.....8.∩.8.......,,,,,,
**≈*≈*≈#≈#≈#############≈#≈*≈*≈*≈
******######.........####*******
##...©.©.©...# #.............#
#.#.#######.#.# *,#....# ,,#,*
#.##@# #......H......
#.#..##'##..#. #.#..# .8 # #....#
..# ###8.# .8# ## .[# .8#


You could see a minotaur.

Vanquished Creatures
  A green death (Gauntlet)
  2 boulder beetles
  Erica (Lair:2)
  3 two-headed ogres
  2 bog bodies (Lair:2)
  An obsidian statue (Gauntlet)
  Pikel (D:6)
  A salamander (Lair:2)
  A cyclops (D:12)
  2 orange demons (Gauntlet)
  A gargoyle (D:12)
  4 komodo dragons
  4 trolls
  3 hornets (Gauntlet)
  Prince Ribbit (D:6)
  Grinder (D:4)
  Sigmund (D:2)
  2 shadows
  3 slime creatures (D:11)
  4 wyverns
  17 yaks
  3 wraiths
  3 steam dragons
  2 vampire mosquitoes (D:11)
  Menkaure (D:5)
  2 swamp worms (Lair:2)
  2 acid dragons
  2 water moccasins
  Duvessa (D:7)
  8 orc warriors
  A sky beast (D:6)
  4 ogres
  4 ice beasts
  A phantom (D:4)
  10 centaurs
  6 kobold brigands
  Blork the orc (D:4)
  4 bullfrogs
  2 gnoll sergeants
  5 scorpions
  8 wights
  Dowan (D:7)
  24 killer bees
  6 electric eels
  4 lava snakes (Lair:2)
  6 howler monkeys
  5 orc priests
  11 hounds
  2 jellies
  2 gnoll boudas
  2 sleepcaps
  Ijyb (D:4)
  Jessica (D:2)
  Natasha (thrice) (D:4)
  3 iguanas
  18 orc wizards
  23 gnolls
  9 adders
  A shadow imp (D:4)
  2 white imps
  An ufetubus (D:6)
  3 worms
  3 dart slugs
  31 orcs
  3 ball pythons
  7 endoplasms
  13 giant cockroaches
  4 goblins
  6 hobgoblins
  3 jackals (D:2)
  2 quokkas
  3 bats
  4 frilled lizards
  15 kobolds
  9 rats
357 creatures vanquished.

Vanquished Creatures (others)
  2 orc wizards (D:6)
2 creatures vanquished.

Grand Total: 359 creatures vanquished

Notes
Turn   | Place    | Note
-------+----------+-------------------------------------------
     0 | D:1      | Cheops the Merfolk Fighter began the quest for the Orb.
     0 | D:1      | Reached XP level 1. HP: 18/18 MP: 1/1
   231 | D:1      | Reached skill level 3 in Polearms
   607 | D:2      | Reached XP level 2. HP: 24/24 MP: 2/2
   765 | D:2      | Reached skill level 4 in Polearms
   809 | D:2      | Found a hide-covered altar of Uskayaw.
   810 | D:2      | Noticed Jessica
   841 | D:2      | Killed Jessica
   842 | D:2      | Reached skill level 5 in Polearms
   842 | D:2      | Reached XP level 3. HP: 22/29 MP: 3/3
   941 | D:2      | Reached XP level 4. HP: 33/35 MP: 4/4
   975 | D:2      | Noticed Sigmund
   985 | D:2      | Killed Sigmund
   986 | D:2      | Reached skill level 8 in Polearms
   986 | D:2      | Reached XP level 5. HP: 25/41 MP: 5/5
   986 | D:2      | Reached XP level 6. HP: 28/47 MP: 6/6
  1568 | D:3      | Found a blossoming altar of Fedhas.
  1581 | D:3      | Found a snail-covered altar of Cheibriados.
  2522 | D:4      | Noticed Natasha
  2528 | D:4      | Killed Natasha
  2645 | D:4      | Reached skill level 9 in Polearms
  2645 | D:4      | Noticed Natasha
  2675 | D:4      | Killed Natasha
  2746 | D:4      | Found a staircase to the Ecumenical Temple.
  2846 | Temple   | Entered the Ecumenical Temple
  3003 | D:4      | Noticed Natasha
  3004 | D:4      | Found an ornate altar of the Wu Jian Council.
  3015 | D:4      | Killed Natasha
  3016 | D:4      | Reached XP level 7. HP: 52/52 MP: 7/7
  3112 | D:4      | Reached skill level 10 in Polearms
  3232 | D:4      | Found a glowing golden altar of the Shining One.
  3247 | D:4      | Identified the +3 whip of Ancient Evil {drain, rN+}
  3410 | D:4      | Noticed Ijyb
  3424 | D:4      | Killed Ijyb
  3425 | D:4      | Reached skill level 11 in Polearms
  3455 | D:4      | Noticed Grinder
  3463 | D:4      | Paralysed by Grinder for 2 turns
  3476 | D:4      | Paralysed by Grinder for 4 turns
  3482 | D:4      | Killed Grinder
  3483 | D:4      | Reached XP level 8. HP: 58/58 MP: 8/8
  3520 | D:4      | Noticed Blork the orc
  3534 | D:4      | Killed Blork the orc
  3535 | D:4      | Reached skill level 12 in Polearms
  3590 | D:5      | Entered Level 5 of the Dungeon
  3898 | D:5      | Found a basalt altar of Yredelemnul.
  3903 | D:5      | Found a hazy altar of Hepliaklqana.
  3987 | D:5      | Found a stormy altar of Qazlal.
  4074 | D:5      | Reached skill level 13 in Polearms
  4158 | D:5      | Noticed Menkaure
  4185 | D:5      | Killed Menkaure
  4307 | D:5      | Reached skill level 14 in Polearms
  4384 | D:5      | Found a glowing silver altar of Zin.
  4478 | D:5      | Found an opulent altar of Gozag.
  4552 | D:4      | Became a worshipper of the Shining One
  4639 | D:5      | Reached XP level 9. HP: 64/64 MP: 9/9
  4732 | D:6      | Noticed Maggie
  4750 | D:6      | Reached * piety under the Shining One
  4754 | D:6      | Maggie changed into Maggie the sky beast
  4754 | D:6      | Noticed Maggie
  4759 | D:6      | Killed Maggie the sky beast
  4760 | D:6      | Reached skill level 5 in Fighting
  4791 | D:6      | Reached skill level 1 in Invocations
  4797 | D:6      | Noticed Pikel
  4817 | D:6      | Killed Pikel
  4818 | D:6      | Reached skill level 5 in Invocations
  5009 | D:6      | Found Hedwen's Distillery.
  5027 | D:6      | Bought a potion of curing for 36 gold pieces
  5027 | D:6      | Bought a potion of degeneration for 12 gold pieces
  5030 | D:6      | Bought a potion of lignification for 36 gold pieces
  5030 | D:6      | Bought a potion of cancellation for 96 gold pieces
  5030 | D:6      | Bought a potion of attraction for 36 gold pieces
  5030 | D:6      | Bought a potion of brilliance for 48 gold pieces
  5035 | D:6      | Identified a scroll of acquirement
  5038 | D:6      | Acquired a manual of Polearms
  5129 | D:6      | Found an iron altar of Okawaru.
  5298 | D:6      | Found a burning altar of Makhleb.
  5336 | D:6      | Noticed Prince Ribbit
  5361 | D:6      | Killed Prince Ribbit
  5362 | D:6      | Reached XP level 10. HP: 68/76 MP: 14/14
  5646 | D:7      | Found Wagriph's General Store.
  5672 | D:7      | Reached skill level 15 in Polearms
  5739 | D:7      | Bought a scroll of identify for 26 gold pieces
  5784 | D:7      | Noticed Dowan
  5784 | D:7      | Noticed Duvessa
  5799 | D:7      | Killed Duvessa
  5803 | D:7      | Killed Dowan
  6098 | D:7      | Found a bloodstained altar of Trog.
  6103 | D:7      | Found a white marble altar of Elyvilon.
  6230 | D:8      | Reached skill level 16 in Polearms
  6386 | D:8      | Found a hide-covered altar of Uskayaw.
  6409 | D:8      | Found a broken altar of Ashenzari.
  6420 | D:8      | Reached ** piety under the Shining One
  6527 | D:8      | Reached skill level 17 in Polearms
  6794 | D:6      | Bought a potion of mutation for 96 gold pieces
  6794 | D:6      | Bought a potion of flight for 36 gold pieces
  6794 | D:6      | Bought a potion of magic for 96 gold pieces
  7309 | D:9      | Noticed a two-headed ogre
  7324 | D:9      | Killed a two-headed ogre
  7325 | D:9      | Reached skill level 18 in Polearms
  7403 | D:9      | Found a shimmering blue altar of Sif Muna.
  7403 | D:9      | Found an ancient bone altar of Kikubaaqudgha.
  7405 | D:9      | Found a radiant altar of Vehumet.
  7410 | D:9      | Got Sif Muna's Vademecum on Changing
  7585 | D:9      | Noticed a two-headed ogre
  7606 | D:9      | Killed a two-headed ogre
  7607 | D:9      | Reached skill level 19 in Polearms
  7607 | D:9      | Reached XP level 11. HP: 61/87 MP: 15/15
  8133 | D:9      | Found a sacrificial altar of Ru.
  8142 | D:9      | Found a sparkling altar of Nemelex Xobeh.
  8299 | D:10     | Entered Level 10 of the Dungeon
  8685 | D:10     | Reached skill level 20 in Polearms
  8806 | D:10     | Found a staircase to the Lair.
  9121 | D:10     | Found a shadowy altar of Dithmenos.
  9720 | D:11     | Noticed a boulder beetle
  9732 | D:10     | Reached *** piety under the Shining One
  9733 | D:10     | Reached skill level 21 in Polearms
 10104 | D:11     | Reached skill level 10 in Fighting
 10815 | D:11     | Found a staircase to the Orcish Mines.
 10988 | D:11     | Killed a boulder beetle
 10989 | D:11     | Reached XP level 12. HP: 51/98 MP: 16/16
 11211 | D:11     | Found a staircase to the Orcish Mines.
 11453 | D:10     | Found a shadowy altar of Dithmenos.
 11492 | D:10     | Found a staircase to the Lair.
 12704 | D:9      | Found a sparkling altar of Nemelex Xobeh.
 12835 | D:9      | Found a sacrificial altar of Ru.
 13027 | D:9      | Found an ancient bone altar of Kikubaaqudgha.
 13027 | D:9      | Found a radiant altar of Vehumet.
 13072 | D:9      | Found a shimmering blue altar of Sif Muna.
 13102 | D:8      | Found a broken altar of Ashenzari.
 13267 | D:8      | Found a hide-covered altar of Uskayaw.
 13503 | D:7      | Found Wagriph's General Store.
 13551 | D:7      | Found a white marble altar of Elyvilon.
 13553 | D:7      | Found a bloodstained altar of Trog.
 13749 | D:6      | Found Hedwen's Distillery.
 13798 | D:6      | Found a burning altar of Makhleb.
 13969 | D:6      | Found an iron altar of Okawaru.
 14403 | D:5      | Found a hazy altar of Hepliaklqana.
 14410 | D:5      | Found a basalt altar of Yredelemnul.
 14419 | D:5      | Found a stormy altar of Qazlal.
 14507 | D:5      | Found a glowing silver altar of Zin.
 14512 | D:5      | Found an opulent altar of Gozag.
 14756 | D:4      | Found a staircase to the Ecumenical Temple.
 15006 | D:4      | Found an ornate altar of the Wu Jian Council.
 15082 | D:4      | Found a glowing golden altar of the Shining One.
 15360 | D:3      | Found a blossoming altar of Fedhas.
 15444 | D:3      | Found a snail-covered altar of Cheibriados.
 17839 | D:12     | Reached skill level 22 in Polearms
 17902 | D:12     | Noticed a two-headed ogre
 17916 | D:12     | Killed a two-headed ogre
 18514 | D:12     | Found Garph's General Store.
 18522 | D:12     | Reached skill level 1 in Evocations
 18523 | D:12     | Bought a potion of invisibility for 88 gold pieces
 18618 | D:13     | Noticed a seven-headed hydra
 18618 | D:13     | Noticed a boulder beetle
 18739 | Lair:1   | Entered Level 1 of the Lair of Beasts
 18901 | Lair:1   | Noticed a boulder beetle
 19016 | Lair:1   | Killed a boulder beetle
 19832 | Lair:2   | Noticed Erica
 19850 | Lair:2   | Killed Erica
 20304 | Lair:2   | Found a staircase to the Swamp.
 20312 | Lair:2   | Reached skill level 5 in Evocations
 20712 | Lair:2   | Found a staircase to the Snake Pit.
 21342 | Lair:3   | Found a white marble altar of Elyvilon.
 21352 | Lair:3   | Found a gate leading to a gauntlet.
 21374 | Gauntlet | Entered a Gauntlet
 21374 | Gauntlet | Found a transporter.
 21374 | Gauntlet | Found a transporter.
 21374 | Gauntlet | Found a runed translucent door.
 21376 | Gauntlet | Found a runed translucent door.
 21379 | Gauntlet | Noticed a catoblepas
 21386 | Gauntlet | Found a transporter.
 21402 | Gauntlet | Noticed a green death
 21402 | Gauntlet | Reached **** piety under the Shining One
 21404 | Gauntlet | Found a transporter.
 21404 | Gauntlet | Found a transporter.
 21404 | Gauntlet | Found a transporter.
 21406 | Gauntlet | Found a transporter.
 21406 | Gauntlet | Found a transporter.
 21419 | Gauntlet | Found a transporter.
 21435 | Gauntlet | Found a transporter.
 21445 | Gauntlet | Found a transporter.
 21459 | Gauntlet | Found a transporter.
 21492 | Gauntlet | Found a transporter.
 21504 | Gauntlet | Found a transporter.
 21537 | Gauntlet | Found a transporter.
 21537 | Gauntlet | Found a transporter.
 21541 | Gauntlet | Paralysed by a hornet for 1 turns
 21545 | Gauntlet | Paralysed by a hornet for 3 turns
 21578 | Gauntlet | Identified the +0 pair of boots of Cuillirr {rF++ Str-5}
 21580 | Gauntlet | Found a transporter.
 21581 | Gauntlet | Found a transporter.
 21641 | Gauntlet | Found a transporter.
 21641 | Gauntlet | Found a transporter.
 21644 | Gauntlet | Killed a green death
 21645 | Gauntlet | Reached XP level 13. HP: 77/106 MP: 19/19
 21800 | Gauntlet | Found a transporter.
 21811 | Gauntlet | Found a transporter.
 21862 | Gauntlet | Found a transporter.
 21883 | Gauntlet | Identified the ring of Tulips {rC+ rN+ Str+6 Dex-3}
 21890 | Gauntlet | Found a transporter.
 21917 | Gauntlet | Identified the +9 demon trident of Disintegration {vamp,
                  | Fly Int+4}
 21917 | Gauntlet | Identified the +3 ring mail of Suvuihex {Harm rF+ rC+
                  | Will-}
 21917 | Gauntlet | Identified the +7 tower shield of the Ward {Rampage *Slow
                  | Will++}
 21917 | Gauntlet | Identified the ring of Jeytydec {rPois rCorr Dex+6}
 21917 | Gauntlet | Noticed a minotaur
 21923 | Gauntlet | Annihilated by a minotaur

Illustrated notes

Levels and vault maps discovered:
D:1:      dpeg_arrival_lava_temple_mockup, layout_basic, minivault_14
D:2:      layout_loops_ring, basic_altar, uniq_sigmund, uniq_jessica
D:3:      minmay_roachtagon, layout_basic, mainiacjoe_overflow_catch_the_wave
D:4:      layout_gridville, nicolae_overflow_hidden_temple,
          nicolae_wu_jian_wuxing_cycle, minmay_temple_entry_nine_rooms,
          uniq_ijyb, uniq_natasha, uniq_blork_the_orc, uniq_grinder
D:5:      layout_cave_pools, pdpol_temple_overflow_zin_treasury_gozag_greed,
          grunt_temple_overflow_open, mainiacjoe_overflow_small_starburst,
          kennysheep_pointless_box, kb_lookout_dungeons_type, uniq_menkaure
D:6:      minmay_flawed_box, layout_loops_cross, mainiacjoe_overflow_boulevard,
          amcnicky_altar_gilded, serial_shops, shop, nrook_mini_backslash,
          uniq_pikel, uniq_prince_ribbit1, uniq_maggie
D:7:      layout_rooms, mainiacjoe_overflow_big_doors, serial_shops,
          nicolae_shop_crystal, uniq_duvessa
D:8:      layout_basic, eat_drink_and_be_merry_uskayaw,
          mainiacjoe_overflow_tiny_flanked, minmay_misc_feat_rows
D:9:      layout_layer_cave, grunt_temple_overflow_magic_moments,
          mainiacjoe_overflow_swirl
D:10:     layout_basic, nicolae_dithmenos_through_a_glass_darkly,
          erik_lair_island, minmay_increasing_density
D:11:     layout_gridville, kennysheep_orc_monster_closet_entryway
D:12:     layout_basic, serial_shops, nicolae_diamond_shop
D:13:     layout_cross, erik_vaults_2
Temple:   ebering_the_one_and_only
Lair:1:   layout_hall_layers, st_stairs_6, grunt_megastairs_4,
          lemuel_fruit_fields, infiniplex_staircase_pool_2
Lair:2:   layout_long_grid, nicolae_swamp_entry_splash_gauntlet,
          nicolae_snake_entry_warm_welcome, serial_rivers,
          chequers_serial_rivers_micro_c, chequers_serial_rivers_micro_a,
          chequers_serial_rivers_small_b, chequers_serial_rivers_large_b,
          uniq_erica
Lair:3:   layout_cave_pods, basic_altar, gauntlet_entry_generic,
          serial_bayou_pond_e
Gauntlet: gammafunk_gauntlet_mixed_choke_point
          [minmay_gauntlet_arena_77_shame_cube,
          minmay_gauntlet_arena_77_terracotta_army,
          minmay_gauntlet_arena_77_block_sizes, nicolae_gauntlet_arena_blocks,
          minmay_gauntlet_arena_77_squiggly,
          minmay_gauntlet_arena_77_hold_the_fort,
          minmay_gauntlet_arena_77_broken_ladder,
          nicolae_gauntlet_exit_dead_adventurers]

Skill      XL: |  1  2  3  4  5  6  7  8  9 10 11 12 |
---------------+-------------------------------------+-----
Polearms       | 3 5 8 9 11 14 19 21 22 | 22.0
Armour         | 3 4 |  4.0
Fighting       | 6 8 10 11 | 11.4
Invocations    | 6 8 |  8.6
Evocations     | 7 |  7.7
Shields        | |  3.0

Action                     |  1- 3 |  4- 6 |  7- 9 | 10-12 | 13-15 || total
---------------------------+-------+-------+-------+-------+-------++-------
  Melee: Trident           |    67 |   149 |   289 |    67 |       ||   572
         Unarmed           |       |       |     8 |       |       ||     8
         Halberd           |       |       |       |   342 |       ||   342
         Hand axe          |       |       |       |    29 |       ||    29
         Tailslap          |       |       |       |     1 |       ||     1
         Glaive            |       |       |       |   152 |    18 ||   170
 Invoke: Divine Shield     |       |       |       |     1 |       ||     1
  Evoke: Wand              |       |       |     6 |    16 |       ||    22
    Use: Scroll            |       |       |     6 |    18 |       ||    24
         Potion            |       |       |     1 |     2 |     2 ||     5
 Armour: Fire dragon scale |    19 |    56 |    57 |   131 |     1 ||   264
         Scale mail        |     3 |       |     6 |       |       ||     9
         Skin              |       |       |     1 |    12 |       ||    13
         Plate armour      |       |       |       |       |    11 ||    11
  Dodge: Dodged            |    16 |    38 |    51 |   148 |     6 ||   259
         Repelled          |       |     2 |     1 |     8 |       ||    11
  Block: Buckler           |     9 |    24 |    65 |    18 |       ||   116
         Reflection        |       |       |     2 |     5 |       ||     7
         Other             |       |       |       |    70 |     4 ||    74
